 Dungeon Crawl Stone Soup version 0.19.1 (webtiles) character file.

65 sal the Chopper (level 4, -7/40 HPs)
             Began as a Hill Orc Berserker on Dec 15, 2016.
             Was a Follower of Trog.
             Killed from afar by Natasha (11 damage)
             ... with a magic dart
             ... on level 2 of the Dungeon.
             The game lasted 00:11:32 (941 turns).

sal the Chopper (Hill Orc Berserker)                 Turns: 941, Time: 00:11:33

Health: -7/40      AC:  7    Str: 20    XL:     4   Next: 13%
Magic:  4/4        EV: 10    Int:  7    God:    Trog [*.....]
Gold:   38         SH:  2    Dex:  8    Spells: 0 memorised, 3 levels left

rFire  . . .     SeeInvis .     n - +0 flail
rCold  . . .     Gourm    .     f - +0 ring mail
rNeg   . . .     Faith    .     p - +0 buckler
rPois  .         Spirit   .     (no helmet)
rElec  .         Reflect  .     (no cloak)
rCorr  .         Harm     .     (no gloves)
MR     .....                    (no boots)
Stlth  ..........               (no amulet)
                                (no ring)
                                (no ring)

@: no status effects
A: slimy green scales 1, clumsy 1, wild magic 1
a: Berserk, Burn Spellbooks, Renounce Religion


You were on level 2 of the Dungeon.
You worshipped Trog.
Trog was aware of your devotion.
You were not hungry.

You visited 1 branch of the dungeon, and saw 2 of its levels.

You collected 38 gold pieces.

Inventory:

Hand Weapons
 a - a +0 hand axe
 e - a +0 dagger of venom
 j - a +1 short sword of speed
 k - a +0 hunting sling
 n - a +0 flail (weapon)
Missiles
 h - 56 stones (quivered)
 l - 13 bolts
Armour
 b - a +0 animal skin
 d - a +0 cloak
 f - a +0 ring mail (worn)
 i - a +0 robe
 o - a +0 leather armour
 p - a +0 buckler (worn)
Wands
 m - a wand of flame (1/48)
Books
 q - a book of Maledictions

   Spells                             Type                      Level
   a - Corona                         Hexes                        1
   b - Ensorcelled Hibernation        Hexes/Ice                    2
   c - Confuse                        Hexes                        3
   d - Tukima's Dance                 Hexes                        3
   e - Dazzling Spray                 Conjuration/Hexes            3
   Trog disapproves of the use of such an item.
Comestibles
 c - 3 bread rations
 g - a slice of pizza


   Skills:
 + Level 4.1 Fighting
 + Level 4.9 Axes
 + Level 0.7(2.6) Maces & Flails
 + Level 0.1 Throwing
 + Level 2.7 Armour
 + Level 2.1 Dodging


You had 3 spell levels left.
You didn't know any spells.

Dungeon Overview and Level Annotations

Branches:
Dungeon (2/15)

Altars:

Annotations:
D:2 Natasha


Innate Abilities, Weirdness & Mutations

You are partially covered in slimy green scales. (AC +2)
You are clumsy. (Dex -2)
Your spells are a little harder to cast, but a little more powerful.


Message History

The shadow imp barely misses you. Natasha casts a spell at you.
The magic dart hits you!
* * * LOW HITPOINT WARNING * * *
The shadow imp barely misses you. The shadow imp gestures at you.
Pain shoots through your body!
* * * LOW HITPOINT WARNING * * *
Natasha mumbles some strange words.
The teleport trap disappears.
The iron imp disappears!
The crimson imp blinks!
Zapping:
m - a wand of flame {zapped: 4} (will waste charges)
Press: ? - help, Shift-Dir - straight line, f - Natasha
Aim: Natasha (heavily wounded)
The puff of flame hits Natasha.
Natasha is almost dead.
Evoking this partially-identified wand wasted a few charges.
Natasha casts a spell at you. The magic dart hits you!
You die...

....#..#.))............
....'..'.###.....5...#
....#.[#####.........#
... ####...'.ยง.......#
.. #.###.........#
###### #.# #.........#
.....# #.# #####5#####
.....###.##### #h#
.............# #@#
.............# #.#
.###.........# #.# .#
#.........# #.# .#
#.........# #.. .#
#.........# ### .#
#.........# .#
#####.##### ## #....#


You could see Natasha, a crimson imp and a shadow imp.

Vanquished Creatures
  Ijyb (D:2)
  A gnoll (D:1)
  An ooze (D:1)
  A dart slug (D:1)
  A leopard gecko (D:2)
  3 bats (D:1)
  5 hobgoblins
  3 kobolds (D:1)
  A frilled lizard (D:1)
  3 goblins
  A rat (D:1)
21 creatures vanquished.

Notes
Turn   | Place    | Note
-------+----------+-------------------------------------------
     0 | D:1      | sal the Hill Orc Berserker began the quest for the Orb.
     0 | D:1      | Reached XP level 1. HP: 19/19 MP: 1/1
    18 | D:1      | Reached XP level 2. HP: 22/26 MP: 2/2
   497 | D:1      | Reached XP level 3. HP: 27/33 MP: 3/3
   788 | D:2      | Gained mutation: You are partially covered in slimy green scales. (AC +2) [potion of mutation]
   788 | D:2      | Gained mutation: You are clumsy. (Dex -2) [potion of mutation]
   788 | D:2      | Gained mutation: Your spells are a little harder to cast, but a little more powerful. [potion of mutation]
   805 | D:2      | Noticed Ijyb
   827 | D:2      | Killed Ijyb
   827 | D:2      | Reached XP level 4. HP: 15/40 MP: 4/4
   909 | D:2      | Noticed Natasha
   941 | D:2      | Killed from afar by Natasha

Skill      XL: |  1  2  3 |
---------------+----------+-----
Dodging        | 2 |  2.1
Fighting       | 4 |  4.1
Axes           | |  4.9
Maces & Flails | |  0.7
Throwing       | |  0.1
Armour         | |  2.7

Action                   |  1- 3 |  4- 6 || total
-------------------------+-------+-------++-------
Melee: Hand axe          |    34 |       ||    34
       Flail             |    33 |    22 ||    55
 Fire: Hunting sling     |     5 |       ||     5
Throw: Stone             |     5 |     4 ||     9
Evoke: Wand              |       |     1 ||     1
  Use: Scroll            |     3 |       ||     3
       Potion            |     5 |       ||     5
Armor: Animal skin       |     8 |       ||     8
       Ring mail         |    11 |     3 ||    14
Dodge: Dodged            |    43 |    18 ||    61
Block: Buckler           |     2 |     2 ||     4
